 Dungeon Sprint DCSS version 0.17-b1-15-g0f5fb43 (webtiles) character file.

41245 Kidiri the Peltast (level 14, -6/100 HPs)
             Began as a Gargoyle Fighter on Nov 2, 2015.
             Was the Champion of Okawaru.
             Mangled by a black draconian
             ... wielding a +0 halberd
              (10 damage)
             ... in the Dungeon (Sprint V: "Ziggurat Sprint").
             The game lasted 00:17:42 (1682 turns).

Kidiri the Peltast (Gargoyle Fighter)               Turns: 1682, Time: 00:17:42

Health: -6/100     AC: 41    Str: 49    XL:     14   Next: 14%
Magic:  19/23      EV: 14    Int: 10    God:    Okawaru [******]
Gold:   0          SH: 37    Dex:  9    Spells: 0 memorised, 13 levels left

rFire  x x .     SeeInvis .     o - +6 shillelagh "Devastator" {shatter}
rCold  + + +     Clarity  .     b - +11 ice dragon armour "Giru" {*Corrode rPois rF- rC++ Str+10 Stlth-}
rNeg   + + .     SustAt   .     K - +18 shield of the gong {rElec rN+ MR+ EV-5}
rPois  ∞         Gourm    .     P - +1 hat
rElec  +         Spirit   .     B - +0 cloak "Ehohakak" {rElec rF- rC+}
rCorr  .         Warding  .     (no gloves)
rMut   .         NoTele   +     (no boots)
MR     +....                    Q - amulet "Cethum" {Faith rElec MR- Str+3}
Stlth  ..........               E - +6 ring of strength
                                D - +6 ring of strength

@: heroism, finesse, studying Throwing, somewhat resistant to hostile
enchantments, extremely unstealthy
A: big wings, negative energy resistance 1, electricity resistance, unbreathing,
petrification resistance, rot immunity, AC +9
a: Fly, Heroism, Finesse, Renounce Religion


You were in the Dungeon.
You worshipped Okawaru.
Okawaru was exalted by your worship.
You were not hungry.

You visited 1 branch

Inventory:

Hand Weapons
 o - the +6 shillelagh "Devastator" (weapon) {shatter}
   (You found it in the Dungeon)
Missiles
 c - 20 tomahawks (quivered)
 y - 6 tomahawks of returning
 A - 6 javelins of returning
 L - 4 steel javelins
 O - 4 silver tomahawks
 R - 7 silver javelins
Armour
 b - the +11 ice dragon armour "Giru" (worn) {*Corrode rPois rF- rC++ Str+10 Stlth-}
   (You found it in the Dungeon)

   It affects your strength (+10).
   It makes you vulnerable to fire.
   It greatly protects you from cold.
   It protects you from poison.
   It may corrode your equipment when you take damage.
   It makes you less stealthy.
 B - the +0 cloak "Ehohakak" (worn) {rElec rF- rC+}
   (You acquired it in the Dungeon)

   It makes you vulnerable to fire.
   It protects you from cold.
   It insulates you from electricity.
 J - the +15 Maxwell's patent armour {-Cast -Tele rElec MR+ rCorr}
   (You found it in the Dungeon)

   It insulates you from electricity.
   It affects your resistance to hostile enchantments.
   It prevents spellcasting.
   It prevents most forms of teleportation.
   It protects you from acid and corrosion.
 K - the +18 shield of the gong (worn) {rElec rN+ MR+ EV-5}
   (You found it in the Dungeon)

   It affects your evasion (-5).
   It insulates you from electricity.
   It protects you from negative energy.
   It affects your resistance to hostile enchantments.
 P - a +1 hat (worn)
 U - the +0 pair of gloves of Broken Taboos {*Drain rCorr SInv, unknown}
   (Okawaru gifted it to you in the Dungeon)

   It lets you see invisible.
   It protects you from acid and corrosion.
   It causes draining when unequipped.
Jewellery
 D - a +6 ring of strength (left hand)
 E - a +6 ring of strength (right hand)
 N - an uncursed amulet of resist mutation
 Q - the amulet "Cethum" (around neck) {Faith rElec MR- Str+3}
   (You took it off a vault guard in the Dungeon)

   [amulet of faith]

   It allows you to gain divine favour quickly.
   It affects your strength (+3).
   It insulates you from electricity.
   It affects your resistance to hostile enchantments.
 S - a +6 ring of dexterity
 T - the ring of Sagiut {+Fly Dex+3 Slay+2 Stlth-}
   (You found it in the Dungeon)

   [ring of loudness]

   It affects your dexterity (+3).
   It affects your accuracy and damage with ranged weapons and melee attacks
   (+2).
   It lets you fly.
   It makes you less stealthy.
Wands
 F - a wand of disintegration (6)
 G - a wand of fire (5)
 H - a wand of cold (5)
 I - a wand of draining (5)
Scrolls
 k - 4 scrolls of blinking
 q - 4 scrolls of amnesia
 r - 4 scrolls of recharging
 s - 7 scrolls of fog
 t - a scroll of holy word
 u - 5 scrolls of identify
 v - 5 scrolls of remove curse
 w - 2 scrolls of fear
 C - 2 scrolls of brand weapon
Potions
 d - 6 potions of might
 f - 10 potions of curing
 g - 6 potions of heal wounds
 h - 8 potions of haste
 i - 7 potions of magic
 j - 3 potions of berserk rage
 l - 2 potions of brilliance
 m - 2 potions of invisibility
 n - 4 potions of resistance
 p - 5 potions of agility
Books
 M - a manual of Throwing
Comestibles
 a - 28 chunks of flesh
 e - 5 bread rations
 x - 42 fruits
 z - 4 meat rations


   Skills:
 * Level 16.9(21.9) Fighting
 * Level 15.6(20.6) Maces & Flails
 + Level 12.2(17.2) Throwing
 * Level 16.9(21.9) Armour
 * Level 14.8(19.8) Dodging
 * Level 17.1(22.1) Shields
 + Level 12.5 Invocations


You had 13 spell levels left.
You didn't know any spells.

Dungeon Overview and Level Annotations

Branches:
Dungeon (1/1)

Altars:
Ashenzari
Cheibriados
Dithmenos
Elyvilon
Fedhas
Gozag
Kikubaaqudgha
Makhleb
Nemelex Xobeh
Okawaru
Qazlal
Ru
Sif Muna
Trog
Vehumet
Xom
Yredelemnul
Zin
The Shining One
Beogh
Jiyva
Lugonu


Innate Abilities, Weirdness & Mutations

You are resistant to torment.
Your stone body is resilient (AC +9).
You are immune to poison.
Your large and strong wings let you fly indefinitely.
You resist negative energy.
You are resistant to electric shocks.
You can survive without breathing.
You are immune to petrification.
You are immune to rotting.


Message History

You block the mottled draconian's attack.
PTOANNNG!
Drink which item? (? for menu, Esc to quit)
You feel much better. You block the red draconian's attack.
BONNNG!
The Orb Guardian hits you. You block the black draconian's attack.
SHROANNG!
You block the black draconian's attack.
BONNNG!
You block the black draconian's attack.
PTOANNNG!
You block the black draconian's attack.
BONNNG!
The Orb Guardian hits you!
* * * LOW HITPOINT WARNING * * *
The black draconian misses you.
The mottled draconian hits you with a hand axe!!
* * * LOW HITPOINT WARNING * * *
The black draconian hits you with a halberd!
You die...

▓▓▓▓▓▓▓▓▓▓▓▓▓▓▓▓▓▓▓▓▓▓▓▓
▓.....8©8.....▓....8©8..
▓..::.)|:.....▓..)))=)[|
▓...([}:}[[...▓..[|:}=[.
▓....(........▓.........
▓.............▓.........
▓....d..).....▓.....(...
▓.....Xdd.....▓....()...
▓.....d@d.....▓....)(...
▓.....d.d.....▓..▓..)..▓
▓..▓.......▓..▓.....)...
▓.............▓.........
▓.............▓▓▓▓▓▓▓▓▓▓
▓.............▓....8©8..
▓▓▓▓▓▓▓▓▓▓▓▓▓▓▓..)...|)}
▓...:):.)[ ▓.........


You could see 5 draconians, a mottled draconian (berserk), a red draconian
(berserk) and an Orb Guardian (berserk).

Vanquished Creatures
  An Orb Guardian (D)
  2 thorn hunters (D)
  A shadow dragon (D)
  A greater naga (D)
  A frost giant (D)
  3 stone giants (D)
  A green draconian (D)
  A black draconian (D)
  A white draconian (D)
  A mottled draconian (D)
  A purple draconian (D)
  10 vault guards (D)
  A naga warrior (D)
  A spriggan air mage (D)
  A satyr (D)
  A thrashing horror (D)
  A spriggan berserker (D)
  A spriggan druid (D)
  A hill giant (D)
  3 shambling mangroves (D)
  A hornet (D)
  5 cyclopes (D)
  A moth of wrath (D)
  2 wolf spiders (D)
  A guardian serpent (D)
  3 black mambas (D)
  A torpor snail (D)
  A dryad (D)
  6 merfolk (D)
  3 demonic crawlers (D)
  A jumping spider (D)
  4 two-headed ogres (D)
  A wind drake (D)
  A trapdoor spider (D)
  A redback (D)
  4 tarantellas (D)
  3 hippogriffs (D)
  A large abomination (D)
  A yak (D)
  2 hell hounds (D)
  A naga (D)
  2 insubstantial wisps (D)
  2 water moccasins (D)
  3 porcupines (D)
  5 wasps (D)
  A spider (D)
  A centaur (D)
  A phantom (D)
  2 ogres (D)
  A scorpion (D)
  4 quasits (D)
  3 sheep (D)
  2 river rats (D)
  2 white imps (D)
  5 adders (D)
  2 shadow imps (D)
  An ufetubus (D)
  An adder skeleton (D)
  An adder zombie (D)
  A bat skeleton (D)
  A bat zombie (D)
  A jackal (D)
  A ball python (D)
  A ball python skeleton (D)
  A giant cockroach zombie (D)
  A giant gecko skeleton (D)
  A quokka zombie (D)
  A butterfly (D)
126 creatures vanquished.

Notes
Turn   | Place    | Note
--------------------------------------------------------------
     0 | D        | Kidiri the Gargoyle Fighter began the quest for the Orb.
     0 | D        | Reached XP level 1. HP: 14/14 MP: 1/1
     2 | D        | Found a roughly hewn altar of Beogh.
     2 | D        | Found a viscous altar of Jiyva.
     2 | D        | Found a corrupted altar of Lugonu.
     2 | D        | Found a white marble altar of Elyvilon.
     2 | D        | Found a sparkling altar of Nemelex Xobeh.
     3 | D        | Found a burning altar of Makhleb.
     3 | D        | Found an iron altar of Okawaru.
     3 | D        | Found a deep blue altar of Sif Muna.
     3 | D        | Found a radiant altar of Vehumet.
     3 | D        | Found a bloodstained altar of Trog.
     3 | D        | Found a shimmering altar of Xom.
    47 | D        | Became a worshipper of Warmaster Okawaru
    55 | D        | Reached skill level 4 in Fighting
    55 | D        | Reached skill level 5 in Shields
    55 | D        | Reached XP level 2. HP: 17/20 MP: 1/3
   106 | D        | Entered arena 1.
   106 | D        | Noticed an insubstantial wisp
   106 | D        | Noticed an insubstantial wisp
   121 | D        | Killed an insubstantial wisp
   121 | D        | Reached skill level 5 in Fighting
   121 | D        | Reached skill level 5 in Armour
   121 | D        | Reached skill level 6 in Shields
   121 | D        | Reached XP level 3. HP: 13/27 MP: 3/5
   121 | D        | Reached XP level 4. HP: 15/32 MP: 3/6
   125 | D        | Killed an insubstantial wisp
   125 | D        | Reached skill level 5 in Maces & Flails
   125 | D        | Reached XP level 5. HP: 17/37 MP: 3/7
   125 | D        | Reached XP level 6. HP: 19/42 MP: 3/8
   287 | D        | Entered arena 2.
   287 | D        | Noticed a quasit
   290 | D        | Killed a quasit
   290 | D        | Reached skill level 7 in Fighting
   303 | D        | Entered arena 3.
   303 | D        | Noticed a water moccasin
   303 | D        | Noticed a naga
   306 | D        | Killed a water moccasin
   306 | D        | Reached * piety under Okawaru
   306 | D        | Killed a naga
   306 | D        | Reached skill level 5 in Dodging
   306 | D        | Reached skill level 8 in Shields
   306 | D        | Reached XP level 7. HP: 48/48 MP: 10/10
   314 | D        | Got the +11 ice dragon armour "Giru" {*Corrode rPois rF- rC++ Str+10 Stlth-}
   331 | D        | Entered arena 4.
   331 | D        | Noticed a phantom
   343 | D        | Killed a phantom
   343 | D        | Reached skill level 5 in Invocations
   456 | D        | Entered arena 5.
   456 | D        | Noticed a merfolk
   456 | D        | Noticed a merfolk
   456 | D        | Noticed a merfolk
   456 | D        | Noticed a merfolk
   456 | D        | Noticed a merfolk
   464 | D        | Killed a merfolk
   464 | D        | Killed a merfolk
   464 | D        | Reached ** piety under Okawaru
   464 | D        | Reached skill level 9 in Fighting
   464 | D        | Reached XP level 8. HP: 40/56 MP: 8/12
   464 | D        | Killed a merfolk
   469 | D        | Killed a merfolk
   471 | D        | Killed a merfolk
   471 | D        | Reached *** piety under Okawaru
   471 | D        | Reached skill level 10 in Shields
   471 | D        | Reached XP level 9. HP: 44/62 MP: 9/13
   566 | D        | Entered arena 6.
   566 | D        | Noticed a scorpion
   566 | D        | Noticed a redback
   566 | D        | Noticed a tarantella
   566 | D        | Noticed a tarantella
   566 | D        | Noticed a jumping spider
   566 | D        | Noticed a wolf spider
   572 | D        | Killed a jumping spider
   572 | D        | Reached skill level 10 in Fighting
   572 | D        | Killed a tarantella
   572 | D        | Reached skill level 1 in Throwing
   572 | D        | Reached skill level 10 in Armour
   572 | D        | Killed a tarantella
   575 | D        | Killed a redback
   575 | D        | Reached **** piety under Okawaru
   575 | D        | Killed a wolf spider
   575 | D        | Received a gift from Okawaru
   578 | D        | Killed a scorpion
   650 | D        | Entered arena 7.
   650 | D        | Noticed a porcupine
   650 | D        | Noticed a porcupine
   650 | D        | Noticed a porcupine
   656 | D        | Killed a porcupine
   656 | D        | Reached skill level 11 in Shields
   656 | D        | Killed a porcupine
   656 | D        | Killed a porcupine
   684 | D        | Got the cursed ring of Moodiness {+Blink rC+ rN+ Int-3 Dex+4}
   694 | D        | Got a faintly humming cloak
   700 | D        | Identified the +0 cloak "Ehohakak" {rElec rF- rC+} (You acquired it in the Dungeon)
   719 | D        | Entered arena 8.
   719 | D        | Noticed a quasit
   719 | D        | Noticed a hell hound
   719 | D        | Noticed a hell hound
   722 | D        | Killed a quasit
   723 | D        | Killed a hell hound
   728 | D        | Killed a hell hound
   728 | D        | Reached XP level 10. HP: 69/69 MP: 13/15
   744 | D        | Entered arena 9.
   744 | D        | Noticed a quasit
   744 | D        | Noticed a thrashing horror
   744 | D        | Noticed a quasit
   744 | D        | Noticed a large abomination
   747 | D        | Killed a quasit
   750 | D        | Killed a quasit
   750 | D        | Reached skill level 10 in Maces & Flails
   751 | D        | Killed a thrashing horror
   758 | D        | Killed a large abomination
   828 | D        | Entered arena 10.
   828 | D        | Noticed a merfolk
   828 | D        | Noticed a hippogriff
   828 | D        | Noticed a hippogriff
   828 | D        | Noticed a cyclops
   828 | D        | Noticed a hippogriff
   828 | D        | Noticed a centaur
   832 | D        | Killed a hippogriff
   841 | D        | Killed a hippogriff
   841 | D        | Killed a centaur
   843 | D        | Killed a merfolk
   843 | D        | Reached ***** piety under Okawaru
   843 | D        | Received a gift from Okawaru
   848 | D        | Killed a cyclops
   848 | D        | Reached skill level 12 in Shields
   851 | D        | Killed a hippogriff
   957 | D        | Entered arena 11.
   957 | D        | Noticed a hornet
   957 | D        | Noticed a tarantella
   957 | D        | Noticed a demonic crawler
   957 | D        | Noticed a torpor snail
   958 | D        | Noticed a tarantella
   958 | D        | Noticed a wolf spider
   958 | D        | Noticed a demonic crawler
   959 | D        | Noticed a spider
   959 | D        | Noticed a demonic crawler
   959 | D        | Noticed a trapdoor spider
   963 | D        | Killed a tarantella
   965 | D        | Killed a tarantella
   969 | D        | Killed a wolf spider
   969 | D        | Reached skill level 10 in Dodging
   969 | D        | Killed a spider
   973 | D        | Killed a demonic crawler
   974 | D        | Killed a demonic crawler
   974 | D        | Reached XP level 11. HP: 73/76 MP: 10/17
   974 | D        | Killed a demonic crawler
   974 | D        | Reached skill level 5 in Throwing
   975 | D        | Killed a torpor snail
   975 | D        | Received a gift from Okawaru
   979 | D        | Killed a trapdoor spider
   980 | D        | Killed a hornet
  1044 | D        | Entered arena 12.
  1044 | D        | Noticed a greater naga
  1044 | D        | Noticed a black mamba
  1044 | D        | Noticed a black mamba
  1045 | D        | Noticed a naga warrior
  1045 | D        | Noticed a black mamba
  1047 | D        | Noticed a guardian serpent
  1050 | D        | Noticed a water moccasin
  1050 | D        | Killed a black mamba
  1052 | D        | Killed a black mamba
  1054 | D        | Killed a black mamba
  1054 | D        | Reached skill level 13 in Shields
  1063 | D        | Killed a greater naga
  1064 | D        | Killed a guardian serpent
  1064 | D        | Killed a water moccasin
  1069 | D        | Killed a naga warrior
  1114 | D        | Entered arena 13.
  1115 | D        | Noticed a vault guard
  1115 | D        | Noticed a shadow dragon
  1115 | D        | Noticed a vault guard
  1115 | D        | Noticed a stone giant
  1115 | D        | Noticed a vault guard
  1116 | D        | Noticed a vault guard
  1116 | D        | Noticed a vault guard
  1118 | D        | Noticed a vault guard
  1118 | D        | Noticed a vault guard
  1118 | D        | Noticed a vault guard
  1121 | D        | Killed a vault guard
  1122 | D        | Noticed a vault guard
  1122 | D        | Noticed a vault guard
  1130 | D        | Killed a vault guard
  1135 | D        | Killed a vault guard
  1135 | D        | Received a gift from Okawaru
  1135 | D        | Reached XP level 12. HP: 65/84 MP: 12/19
  1136 | D        | Killed a vault guard
  1136 | D        | Reached skill level 14 in Shields
  1136 | D        | Reached skill level 10 in Invocations
  1137 | D        | Killed a vault guard
  1138 | D        | Killed a vault guard
  1138 | D        | Received a gift from Okawaru
  1138 | D        | Killed a vault guard
  1143 | D        | Killed a vault guard
  1143 | D        | Received a gift from Okawaru
  1143 | D        | Killed a vault guard
  1144 | D        | Killed a shadow dragon
  1144 | D        | Reached ****** piety under Okawaru
  1144 | D        | Killed a stone giant
  1145 | D        | Killed a vault guard
  1145 | D        | Reached skill level 15 in Shields
  1176 | D        | Got the amulet "Cethum" {Faith rElec MR- Str+3}
  1263 | D        | Entered arena 14.
  1265 | D        | Noticed a yak
  1266 | D        | Noticed a shambling mangrove
  1267 | D        | Noticed a wind drake
  1267 | D        | Killed a yak
  1268 | D        | Noticed a shambling mangrove
  1270 | D        | Noticed a satyr
  1271 | D        | Noticed a thorn hunter
  1271 | D        | Noticed a shambling mangrove
  1272 | D        | Noticed a spriggan air mage
  1273 | D        | Killed a shambling mangrove
  1275 | D        | Noticed a spriggan druid
  1276 | D        | Noticed a dryad
  1276 | D        | Noticed a spriggan berserker
  1282 | D        | Killed a shambling mangrove
  1282 | D        | Reached skill level 15 in Fighting
  1286 | D        | Killed a spriggan air mage
  1286 | D        | Reached skill level 15 in Armour
  1286 | D        | Reached XP level 13. HP: 89/92 MP: 15/21
  1289 | D        | Killed a wind drake
  1293 | D        | Noticed a thorn hunter
  1298 | D        | Killed a spriggan berserker
  1298 | D        | Received a gift from Okawaru
  1298 | D        | Reached skill level 10 in Throwing
  1298 | D        | Killed a dryad
  1299 | D        | Killed a thorn hunter
  1299 | D        | Killed a spriggan druid
  1299 | D        | Killed a satyr
  1303 | D        | Killed a shambling mangrove
  1304 | D        | Killed a thorn hunter
  1353 | D        | Got the ring of Sagiut {+Fly Dex+3 Slay+2 Stlth-}
  1474 | D        | Entered arena 15.
  1475 | D        | Noticed a two-headed ogre
  1475 | D        | Noticed a frost giant
  1475 | D        | Noticed a cyclops
  1475 | D        | Noticed a stone giant
  1475 | D        | Noticed a cyclops
  1475 | D        | Noticed a cyclops
  1475 | D        | Noticed an ogre
  1475 | D        | Noticed a two-headed ogre
  1475 | D        | Noticed a stone giant
  1475 | D        | Noticed an ogre
  1476 | D        | Noticed a hill giant
  1477 | D        | Noticed a two-headed ogre
  1477 | D        | Noticed a two-headed ogre
  1480 | D        | Noticed a cyclops
  1482 | D        | Killed a frost giant
  1482 | D        | Reached skill level 16 in Shields
  1485 | D        | Killed a two-headed ogre
  1486 | D        | Killed an ogre
  1488 | D        | Killed an ogre
  1488 | D        | Received a gift from Okawaru
  1489 | D        | Killed a stone giant
  1492 | D        | Killed a hill giant
  1494 | D        | Killed a two-headed ogre
  1494 | D        | Killed a two-headed ogre
  1495 | D        | Killed a two-headed ogre
  1499 | D        | Killed a stone giant
  1500 | D        | Killed a cyclops
  1504 | D        | Killed a cyclops
  1504 | D        | Reached skill level 15 in Maces & Flails
  1505 | D        | Killed a cyclops
  1506 | D        | Killed a cyclops
  1644 | D        | Entered arena 16.
  1647 | D        | Noticed a black draconian
  1647 | D        | Noticed a green draconian
  1647 | D        | Noticed a purple draconian
  1647 | D        | Noticed a black draconian
  1647 | D        | Noticed a mottled draconian
  1647 | D        | Noticed an Orb Guardian
  1647 | D        | Noticed a white draconian
  1648 | D        | Noticed a black draconian
  1648 | D        | Noticed a black draconian
  1651 | D        | Noticed a red draconian
  1651 | D        | Noticed a black draconian
  1651 | D        | Noticed a mottled draconian
  1651 | D        | Noticed an Orb Guardian
  1651 | D        | Noticed a moth of wrath
  1651 | D        | Noticed a black draconian
  1658 | D        | Killed an Orb Guardian
  1658 | D        | Received a gift from Okawaru
  1658 | D        | Received a gift from Okawaru
  1663 | D        | Got a pair of transparent gloves {god gift}
  1664 | D        | Killed a green draconian
  1664 | D        | Killed a mottled draconian
  1664 | D        | Gained mutation: Your large and strong wings let you fly indefinitely. [Gargoyle growth]
  1664 | D        | Reached XP level 14. HP: 69/100 MP: 17/23
  1671 | D        | Killed a white draconian
  1676 | D        | Killed a moth of wrath
  1677 | D        | Killed a black draconian
  1677 | D        | Reached skill level 17 in Shields
  1677 | D        | Killed a purple draconian
  1682 | D        | HP: 4/100 [mottled draconian/hand axe (21)]
  1682 | D        | Mangled by a black draconian

Action                   |  1- 3 |  4- 6 |  7- 9 | 10-12 | 13-15 || total
-------------------------+-------+-------+-------+-------+-------++-------
Melee: Shillelagh        |    13 |     8 |    40 |    75 |    49 ||   185
Throw: Tomahawk          |       |       |     6 |    57 |    28 ||    91
Invok: Heroism           |       |       |     4 |     6 |     2 ||    12
       Finesse           |       |       |       |     4 |     2 ||     6
Evoke: Wand              |       |       |       |       |     1 ||     1
  Use: Potion            |     1 |       |       |       |     4 ||     5
       Scroll            |       |       |     1 |       |       ||     1
  Eat: Chunk             |       |       |       |     2 |     2 ||     4
